 Dungeon Crawl Stone Soup version 0.29-a0-1016-g236c7fd91e (webtiles) character file.

Game seed: 5362184890071893741

245 kae the Firebug (level 5, -7/28 HPs)
             Began as a Deep Elf Fire Elementalist on Aug 9, 2022.
             Mangled by an iguana (10 damage)
             ... on level 4 of the Dungeon.
             The game lasted 00:03:43 (2918 turns).

kae the Firebug (Deep Elf Fire Elementalist)        Turns: 2918, Time: 00:03:44

Health: -7/28      AC:  2    Str:  5    XL:     5   Next: 84%
Magic:  10/13      EV: 28    Int: 22    God:
Gold:   129        SH:  0    Dex: 15    Spells: 3/12 levels left

rFire   + . .      SeeInvis .   d - staff of conjuration {!a}
rCold   + . .      Faith    .   (no shield)
rNeg    . . .      Spirit   .   a - +0 robe
rPois   .          Reflect  .   (no helmet)
rElec   .          Harm     .   f - scarf {rC+ rF+}
rCorr   .          Rampage  .   (no gloves)
Will    .....                   (no boots)
Stlth   ++........              A - amulet of the acrobat
HPRegen 0.09/turn               L - ring of flight
MPRegen 0.13/turn               (no ring)

@: acrobatic, flying
A: no striking features
a: no special abilities


You were on level 4 of the Dungeon.
You visited 1 branch of the dungeon, and saw 4 of its levels.

You collected 129 gold pieces.


   Skills:
 + Level 3.7 Dodging
 - Level 2.4 Stealth
 + Level 4.2 Spellcasting
 * Level 3.8 Conjurations
 * Level 4.9 Fire Magic


You had 3 spell levels left.
You knew the following spells:

 Your Spells              Type           Power      Damage    Failure   Level
a - Foxfire               Conj/Fire      100%       2x1d9     1%          1
b - Scorch                Fire           52%        2d7       2%          2
c - Conjure Flame         Conj/Fire      35%        6-21      5%          3
d - Inner Flame           Hex/Fire       15%        N/A       12%         3

Your spell library contained the following spells:

 Spells                   Type           Power      Damage    Failure   Level
 Flame Wave               Conj/Fire      35%        2d10      19%         4

Inventory:

Hand Weapons
 e - a +0 short sword
   (You found it on level 1 of the Dungeon)
Missiles
 c - 38 stones
Armour
 a - a +0 robe (worn)
 f - a scarf of resistance (worn)
   (You found it on level 1 of the Dungeon)
 l - a +0 pair of gloves
   (You found it on level 3 of the Dungeon)
Magical Staves
 d - a staff of conjuration (weapon) {!a}
   (You found it on level 1 of the Dungeon)
 j - a staff of conjuration {!a}
   (You found it on level 2 of the Dungeon)
Jewellery
 A - an amulet of the acrobat (around neck)
   (You found it on level 1 of the Dungeon)
 E - a +4 ring of evasion
   (You found it on level 3 of the Dungeon)
 L - a ring of flight (left hand)
   (You found it on level 3 of the Dungeon)
Potions
 g - 2 potions of resistance {unknown}
 h - a potion of haste {@q3}
 i - 4 potions of curing {@q1}

Dungeon Overview and Level Annotations

Branches:
Dungeon (4/15) Zot: 21100  Temple (0/1) D:4

Altars:

Shops:
D:1 (

Annotations:
D:2 Terence

*,* *,* *,,,,* *,,,,,,,,#.
**,***,##** #....* *,,,,,,,,#.
,,,**,,...* #...,* *,,,,,,,,#.
,,,**,,...####...,* *,,,,,,,,#.
,,,,,,,.........,,* *,,,,,,,,#.
,,,,,,,.........,,* *##########
,,,,,,,........#*** ####.......##
,,,,,,,.......S######..........##
,,>,,,,......)Sl@...+............
,,,,,,,........######^.........##
,,,,,,,........# #.............#
,,,,,,,..#####.# #.##r.........#
***,,,,.,* #.# #..........#.##
*,,,,,,* #.# #.S....##..#.#
*,,,,,,* #.# #......##..#.#**
*,,,,,,** #.###†#....##.....,,
*,,,,,,,* #.......####*#...,,,


You could see an iguana, an adder (combustible) and a ball python.


Message History

Confirm with . or Enter, or press ? or * to list all spells.
You feel a surge of power!
You conjure some foxfire!
The foxfire hits the river rat!
The foxfire hits the river rat but does no damage. 😎 MP[-1]
You lost 1 mp, and now have 0/13 mp.
Casting: Foxfire (safe; 1% risk of failure)
Confirm with . or Enter, or press ? or * to list all spells.
You don't have enough magic to cast this spell. 😎 MP[+1]
There is an open door here. 😎 MP[+1]
You reach down and close the door.
You hear the slow rusting of a very distant drain.
Unknown command.
There's nothing to close nearby.
As you open the door, it creaks loudly!
You hear an angry hiss. x2
An iguana comes into view.
A goblin comes into view. It is wielding a +0 club.
The goblin shouts!
There is an open door here. 😎 MP[+1]
Casting: Foxfire (safe; 1% risk of failure)
Confirm with . or Enter, or press ? or * to list all spells.
You feel a surge of power!
You conjure some foxfire!
The foxfire hits the iguana but does no damage.
The foxfire hits the goblin. 😎 MP[-1]
You lost 1 mp, and now have 2/13 mp.
Casting: Foxfire (safe; 1% risk of failure)
Confirm with . or Enter, or press ? or * to list all spells.
You feel a surge of power!
You conjure some foxfire!
The iguana misses you.
The foxfire hits the goblin.
You kill the goblin!
The foxfire hits the iguana but does no damage.
The iguana completely misses you. 😎 MP[-1]
You lost 1 mp, and now have 1/13 mp.
Casting: Foxfire (safe; 1% risk of failure)
Confirm with . or Enter, or press ? or * to list all spells.
You feel a surge of power!
You conjure some foxfire!
The iguana bites you!
The foxfire hits the iguana.
The foxfire hits the iguana but does no damage.
The iguana misses you. 😮 HP[-9] MP[-1]
You take 9 damage, and now have 19/28 hp.
MASSIVE DAMAGE!! (PAUSE)
You lost 1 mp, and now have 0/13 mp.
Really attack while wielding your staff of conjuration {!a}? [Y]es or [N]o only, please.
Really attack while wielding your staff of conjuration {!a}? [Y]es or [N]o only, please.
Really attack while wielding your staff of conjuration {!a}?
Okay, then.
Really attack while wielding your staff of conjuration {!a}?
You hit the iguana. The iguana closely misses you. 😮 MP[+1]
You barely miss the iguana.
An adder comes into view.
The iguana bites you.
* * * LOW HITPOINT WARNING * * *
😨 HP[-6]
You take 6 damage, and now have 13/28 hp.
MASSIVE DAMAGE!! (PAUSE)
Okay, then.
You aren't carrying any scrolls.
Unknown command.
You aren't carrying any scrolls.
Unknown command.
You barely miss the iguana.
A ball python comes into view.
The iguana barely misses you. The iguana attacks as you move away!
The iguana bites you.
* * * LOW HITPOINT WARNING * * *
There is an open door here. 😨 HP[-4]
You take 4 damage, and now have 9/28 hp.
The iguana attacks as you move away! The iguana completely misses you.
Magic courses through your body. The iguana misses you. 😨 MP[+12]
Your mp is fully restored (13).
Casting: Foxfire (safe; 1% risk of failure)
Confirm with . or Enter, or press ? or * to list all spells.
Flames lash the iguana.
The iguana's fire resistance burns away.
The ball python hisses angrily.
You hear an angry hiss.
The iguana bites you.
* * * LOW HITPOINT WARNING * * *
The iguana completely misses you. 😱 HP[-5] MP[-2]
You take 5 damage, and now have 4/28 hp.
You lost 2 mp, and now have 11/13 mp.
Casting: Scorch (safe; 2% risk of failure)
Confirm with . or Enter, or press ? or * to list all spells.
Flames lash the adder.
The adder's fire resistance burns away.
The iguana bites you.
* * * LOW HITPOINT WARNING * * *
The iguana is no longer more vulnerable to fire.
The iguana bites you!
You die...

Skill      XL: |  1  2  3  4  5 |
---------------+----------------+-----
Conjurations   | 2 3 |  3.8
Dodging        | 3 |  3.7
Fire Magic     | 4 |  4.9
Spellcasting   | 4 |  4.2
Stealth        | |  2.4

Action                   |  1- 3 |  4- 6 || total
-------------------------+-------+-------++-------
Melee: Staff             |       |     7 ||     7
 Cast: Foxfire           |    42 |    41 ||    83
       Scorch            |    15 |    15 ||    30
       Conjure Flame     |       |     1 ||     1
  Use: Potion            |     4 |     1 ||     5
       Scroll            |     1 |     3 ||     4
Armor: Robe              |       |     2 ||     2
Dodge: Dodged            |    15 |    16 ||    31

Levels and vault maps discovered:
D:1:      arrival_zaba_pyramid, layout_basic, serial_shops,
          nicolae_lakefront_shop, roderic_cross_of_infinity,
          nrook_mini_backslash, minmay_strange_pillars, hangedman_decor_growths
D:2:      layout_loops_ring, uniq_terence
D:3:      layout_rooms, hellmonk_ecumenical_altar_inner_sanctum, serial_bayou,
          serial_bayou_pond_c, serial_bayou_pond_a, serial_bayou_lake_a,
          serial_bayou_shore_b
D:4:      layout_basic, minmay_temple_entry_overgrown, lightli_sewer_entry_pipes

Notes
Turn   | Place    | Note
-------+----------+-------------------------------------------
     0 | D:1      | kae the Deep Elf Fire Elementalist began the quest for the
                  | Orb.
     0 | D:1      | Reached XP level 1. HP: 10/10 MP: 6/6
     0 | D:1      | magus.rc [v1.11.3]
   251 | D:1      | Reached XP level 2. HP: 15/15 MP: 5/8
   289 | D:1      | Learned a level 2 spell: Scorch
   438 | D:1      | Found Voucoz's Antique Weapon Shop.
   627 | D:1      | Reached skill level 2 in Conjurations
   879 | D:2      | Reached XP level 3. HP: 19/19 MP: 6/9
   989 | D:2      | Noticed Terence
  1032 | D:1      | Learned a level 3 spell: Conjure Flame
  1066 | D:2      | Reached skill level 3 in Dodging
  1509 | D:2      | Reached skill level 4 in Fire Magic
  1684 | D:2      | Reached XP level 4. HP: 18/24 MP: 6/11
  1764 | D:2      | Learned a level 3 spell: Inner Flame
  2347 | D:3      | Found a faded altar of an unknown god.
  2440 | D:3      | Reached skill level 3 in Conjurations
  2869 | D:4      | Noticed a black bear
  2872 | D:4      | Reached XP level 5. HP: 28/28 MP: 8/12
  2883 | D:4      | Killed a black bear
  2884 | D:4      | Reached skill level 4 in Spellcasting
  2915 | D:4      | HP: 4/28 [iguana (6)]
  2918 | D:4      | Mangled by an iguana

Vanquished Creatures
  A black bear (D:4)
  An iguana (D:4)
  An orc wizard (D:2)
  2 adders (D:2)
  A worm (D:4)
  2 dart slugs
  5 orcs
  5 endoplasms
  A giant cockroach (D:2)
  11 goblins
  4 hobgoblins
  7 jackals
  9 kobolds
  A quokka (D:1)
  7 ball pythons
  5 bats
  2 frilled lizards (D:3)
  3 rats
68 creatures vanquished.

Vanquished Creatures (collateral kills)
  5 foxfires (D:3)
5 creatures vanquished.

Vanquished Creatures (others)
  132 foxfires
  3 plants (D:3)
135 creatures vanquished.

Grand Total: 208 creatures vanquished

Table legend:
 A = Non-vault XP
 B = Vault XP
 C = Vault XP percentage of total XP
 D = Non-vault monster count
 E = Vault monster count
 F = Vault count percentage of total count
                 A         B        C        D         E       F
            +---------+---------+-------+---------+---------+-------
      Total |     351 |       0 |   0.0 |      68 |       0 |   0.0
            +---------+---------+-------+---------+---------+-------
        D:1 |      39 |       0 |   0.0 |      21 |       0 |   0.0
        D:2 |      97 |       0 |   0.0 |      22 |       0 |   0.0
        D:3 |      24 |       0 |   0.0 |      14 |       0 |   0.0
        D:4 |     191 |       0 |   0.0 |      11 |       0 |   0.0
            +---------+---------+-------+---------+---------+-------

Illustrated notes

Table legend:
 A = Kills in this place as a percentage of kills in entire the game.
 B = Kills by you in this place as a percentage of kills by you in the entire game.
 C = Kills by friends in this place as a percentage of kills by friends in the entire game.
 D = Other kills in this place as a percentage of other kills in the entire game.
 E = Experience gained in this place as a percentage of experience gained in the entire game.
 F = Experience gained in this place divided by the number of levels of this place that you have seen.
                   A       B       C       D       E      F
               +-------+-------+-------+-------+-------+----------------------
         Total | 100.0 | 100.0 |   N/A |   N/A | 100.0 |  87.8
       Dungeon | 100.0 | 100.0 |   N/A |   N/A | 100.0 |  87.8
               +-------+-------+-------+-------+-------+----------------------

Table legend: (Time is in decaauts)
 A = Elapsed time spent in this place.
 B = Non-inter-level travel time spent in this place.
 C = Inter-level travel time spent in this place.
 D = Time resting spent in this place.
 E = Time spent auto-exploring this place.
 F = Levels seen in this place.
 G = Mean time per level.
                   A        B        C        D        E       F      G
               +--------+--------+--------+--------+--------+-----+--------+
         Total |   2898 |   2784 |    114 |     78 |   2177 |   4 |  724.5 |
       Dungeon |   2898 |   2784 |    114 |     78 |   2177 |   4 |  724.5 |
               +--------+--------+--------+--------+--------+-----+--------+

Top non-repeatable levels by time:
     D:2: 1100 daAuts
     D:1: 946 daAuts
     D:3: 677 daAuts
     D:4: 174 daAuts
